 Dungeon Crawl Stone Soup version 0.31-a0-744-gbc345e7fcb (webtiles) character file.

Game seed: 9647377482074113596

60 hhvhvhk the Covered (level 3, -8/49 HPs)
             Began as a Minotaur Fighter on Sept 13, 2023.
             Succumbed to an orc wizard's poison
             ... on level 3 of the Dungeon.
             The game lasted 00:04:01 (1117 turns).

hhvhvhk the Covered (Minotaur Fighter)              Turns: 1117, Time: 00:04:02

Health: -8/49      AC:  4    Str: 22    XL:     3   Next: 80%
Magic:  1/1        EV:  9    Int:  5    God:
Gold:   135        SH:  4    Dex:  9    Spells: 2/2 levels left

rFire   . . .        a - +0 war axe
rCold   . . .        c - +0 buckler
rNeg    . . .        b - +0 scale mail
rPois   .            (helmet restricted)
rElec   .            (no cloak)
rCorr   .            (no gloves)
SInv    .            (no boots)
Will    .....        (no amulet) Stlth
                     (no ring)
HPRegen 0.28/turn    (no ring)
MPRegen 0.07/turn

%: no passive effects
@: berserking, lethally poisoned (-8 -> -50), very quick
A: horns 2, retaliatory headbutt, deformed body, low MP 1
a: no special abilities


You were on level 3 of the Dungeon.
You visited 1 branch of the dungeon, and saw 3 of its levels.

You collected 135 gold pieces.

Inventory:

Hand Weapons
 a - a +0 war axe (weapon)
Armour
 b - a +0 scale mail (worn)
 c - a +0 buckler (worn)
Scrolls
 e - 2 scrolls of identify {unknown}
 h - a scroll of revelation {unknown}
 j - a scroll of blinking {unknown}
 m - a scroll of enchant weapon {unknown}
 n - a scroll of fear {unknown}
 p - a scroll of fog {unknown}
 r - a scroll of enchant armour {unknown}
 s - a scroll of teleportation {unknown}
Potions
 d - 2 potions of might
 f - a potion of heal wounds
 g - a potion of mutation
 i - a potion of brilliance {unknown}
 k - a potion of resistance {unknown}
 l - a potion of curing {unknown}
 o - a potion of cancellation {unknown}
 q - a potion of berserk rage
 t - a potion of invisibility {unknown}


   Skills:
 + Level 4.1 Fighting
 + Level 3.1 Axes
 + Level 4.1 Armour
 + Level 1.4 Dodging
 + Level 4.1 Shields


You had 2 spell levels left.
You didn't know any spells.
Your spell library contained the following spells:

 Spells                   Type           Power      Damage    Failure   Level
 Slow                     Hex            0%         N/A       86%         1
 Confusing Touch          Hex            0%         N/A       99%         3
 Sigil of Binding         Hex            0%         N/A       99%         3
 Vampiric Draining        Necr           0%         2d6       99%         3


Dungeon Overview and Level Annotations

Branches:
Dungeon (3/15)

Altars:
Hepliaklqana
Yredelemnul


Innate Abilities, Weirdness & Mutations

You have a pair of horns on your head.
You reflexively headbutt those who attack you in melee.
Armour fits poorly on your strangely shaped body.
Your magical capacity is low. (-10% MP)


Message History

Terence hits you with a +0 short sword. Terence hits you but does no damage.
You closely miss Terence.
Terence is almost dead.
Terence hits you with a +0 short sword.
You slash Terence!
You kill Terence!
Your Axes skill increases to level 3!
You barely miss something. Something hits you.
You are poisoned.
Something hits you.
You are lethally poisoned!
You closely miss something.
You feel extremely sick. Something hits you.
You are more poisoned.
You barely miss something.
* * * LOW HITPOINT WARNING * * *
You feel extremely sick. Something hits you but does no damage.
You are more poisoned.
Something hits you.
* * * LOW HITPOINT WARNING * * *
You are more poisoned.
It was a potion of heal wounds.
You feel much better.
You feel extremely sick. Something hits you but does no damage.
You are more poisoned.
Okay, then.
Unknown command.
It was a potion of mutation.
You feel extremely strange.
Your body twists and deforms.
You feel less energetic.
* * * LOW HITPOINT WARNING * * *
You feel extremely sick. Something hits you.
* * * LOW HITPOINT WARNING * * *
You are more poisoned.
It was a potion of berserk rage.
A red film seems to cover your vision as you go berserk!
You feel yourself moving faster!
You feel mighty!
You die...

###...#######...####.# #.# #
###..........#####.###.####
# ###.##........).........#
#
#......########.....####.#.#
# #.###### #.##########.# ##
#.###~~~~~##†# #.
#.##.......#.# ##
#.##._.....'.# #
#@##.......### #{###~~~~~##
#o# ######## #o########.#
#.##....<..#
#.##.############# #.##>#
#....... #.##.# #.###### #.#
#.#


You could see 2 orcs.

Vanquished Creatures
  Terence (D:3)
  An adder (D:2)
  A worm (D:2)
  A dart slug (D:1)
  2 endoplasms
  A giant cockroach (D:2)
  3 goblins
  3 hobgoblins
  2 quokkas (D:2)
  2 ball pythons (D:2)
  A frilled lizard (D:2)
  A kobold (D:2)
  A spectral hobgoblin (D:3)
20 creatures vanquished.

Notes
Turn   | Place    | Note
-------+----------+-------------------------------------------
     0 | D:1      | hhvhvhk the Minotaur Fighter began the quest for the Orb.
     0 | D:1      | Reached XP level 1. HP: 19/19 MP: 0/0
   341 | D:1      | Reached XP level 2. HP: 27/27 MP: 1/1
   733 | D:2      | Reached skill level 1 in Dodging
   733 | D:2      | Reached XP level 3. HP: 33/33 MP: 2/2
   963 | D:3      | Found a basalt altar of Yredelemnul.
  1069 | D:3      | Found a hazy altar of Hepliaklqana.
  1099 | D:3      | Noticed Terence
  1111 | D:3      | Killed Terence
  1116 | D:3      | Gained mutation: Armour fits poorly on your strangely
                  | shaped body. [potion of mutation]
  1116 | D:3      | Gained mutation: Your magical capacity is low. (-10% MP)
                  | [potion of mutation]
  1116 | D:3      | HP: 1/33 [something (4)]
  1117 | D:3      | Succumbed to an orc wizard's poison

Illustrated notes

Levels and vault maps discovered:
D:1:      mushboom_english_gardens, layout_basic
D:2:      layout_basic
D:3:      layout_loops_ring, kennysheep_ying_yang,
          nicolae_hepliaklqana_monster_ancestors, mainiacjoe_overflow_alcove_2,
          nicolae_qazlal_eye_of_the_storm, grunt_gozag_breadcrumbs, uniq_terence

Skill      XL: |  1  2  3 |
---------------+----------+-----
Armour         | 4 |  4.1
Dodging        | 1 |  1.4
Shields        | 4 |  4.1
Fighting       | 4 |  4.1
Axes           | 3 |  3.1

Action                     || total
---------------------------++-------
  Melee: War axe           ||    47
         Headbutt          ||     6
    Use: Potion            ||     3
 Armour: Scale mail        ||    29
  Dodge: Dodged            ||    18
  Block: Buckler           ||     4

Table legend: (Time is in decaauts)
 A = Elapsed time spent in this place.
 B = Non-inter-level travel time spent in this place.
 C = Inter-level travel time spent in this place.
 D = Time resting spent in this place.
 E = Time spent auto-exploring this place.
 F = Levels seen in this place.
 G = Mean time per level.
                   A        B        C        D        E       F      G
               +--------+--------+--------+--------+--------+-----+--------+
         Total |   1135 |   1111 |     24 |      0 |    904 |   3 |  378.3 |
       Dungeon |   1135 |   1111 |     24 |      0 |    904 |   3 |  378.3 |
               +--------+--------+--------+--------+--------+-----+--------+

Top non-repeatable levels by time:
     D:1: 502 daAuts
     D:2: 364 daAuts
     D:3: 268 daAuts
